AoeStats
← Matheus wn8088

Arena

510301368Analyzed
2v2 RM · 19h ago on Sep 30, 2026· 57m 14s· 4 players
Game mode
Random Map
Map size
Medium (4 player)
Population
200
Speed
Normal
Resources
Standard
Victory
Conquest
Starting age
Dark Age
Ending age
Imperial Age
RankedLock teamsTeams togetherTeam positionsShared explorationLock speedFull tech treeHidden civsTurbo modeCheats
Victory
Defeat
🇧🇷 Georgians · Brazil
707
+12
🇧🇷 Saxons · Brazil
661
+14
🇨🇦 Varangians · Canada
644
-14
🇺🇸 Turks · United States
585
-12
V snacks
9:23 Loom
12:30 Feudal Age
15:06 Town Watch
18:00 Castle Age
17:57 Scale Mail Armor
18:06 Horse Collar
18:16 Double-Bit Axe
19:03 Gold Mining
23:18 Chain Mail Armor
23:09 Squires
24:28 Arson
27:02 Wheelbarrow
26:54 Bow Saw
26:51 Fletching
27:37 Forging
32:34 Imperial Age
35:29 Pikeman
37:28 Hand Cart
37:21 Heavy Plow
37:58 Plate Mail Armor
37:20 Gothikon
38:42 Stone Mining
44:27 Two-Man Saw
44:49 Crop Rotation
45:24 Iron Casting
46:44 Heavy Scorpion
48:14 Bodkin Arrow
48:21 Padded Archer Armor
54:20 Onager
FEARthisDUDE
0:28 Loom
11:54 Feudal Age
12:22 Horse Collar
12:33 Double-Bit Axe
14:36 Wheelbarrow
16:52 Gold Mining
16:55 Stone Mining
21:44 Castle Age
20:23 Man-at-Arms
24:45 Gold Shaft Mining
25:39 Squires
26:18 Fletching
33:37 Long Swordsman
35:34 Husbandry
35:46 Bloodlines
37:05 Bow Saw
37:05 Heavy Plow
38:15 Treadmill Crane
41:25 Imperial Age
43:37 Two-Handed Swordsman
46:08 Padded Archer Armor
48:38 Masonry
48:50 Arson
50:13 Capped Ram
GUSTAVO-nardes
0:28 Loom
11:28 Feudal Age
14:21 Man-at-Arms
24:59 Castle Age
28:32 Fletching
34:59 Long Swordsman
38:30 Bodkin Arrow
50:02 Imperial Age
56:45 Light Cavalry
Matheus wn8088
3:24 Loom
10:47 Feudal Age
11:20 Double-Bit Axe
15:58 Gold Mining
16:06 Stone Mining
22:07 Castle Age
25:53 Bow Saw
26:21 Stone Shaft Mining
27:04 Forging
30:46 Iron Casting
38:49 Imperial Age
36:45 Scale Barding Armor
41:34 Conscription
42:49 Elite Monaspa
44:54 Chain Barding Armor
48:51 Blast Furnace
54:19 Plate Barding Armor
Connection lost

Rejoining the realm…

Still unreachable

The connection could not be restored.

Session expired

The server has moved on; the page needs a fresh start.